 Dungeon Crawl Stone Soup version 0.27-a0-1202-ge72e49191c (webtiles) character file.

Game seed: 9134925755610845094

50816 Delamore the Warrior (level 14, 0/123 HPs)
             Began as a Formicid Fighter on June 3, 2021.
             Was an Initiate of Gozag.
             Slain by a seven-headed hydra (12 damage)
             ... on level 5 of the Lair of Beasts.
             The game lasted 00:27:38 (25537 turns).

Delamore the Warrior (Formicid Fighter)            Turns: 25537, Time: 00:27:39

Health: 0/123      AC: 19    Str: 30    XL:     14   Next: 99%
Magic:  23/23      EV:  7    Int: 16    God:    Gozag
Gold:   828        SH: 19    Dex: 10    Spells: 13/13 levels left

rFire    + + +     SeeInvis +   J - +5 demon trident
rCold    + + .     Faith    .   B - +2 shield of Resistance {rF++ rC++ Will++}
rNeg     . . .     Spirit   .   N - +3 plate armour {rF+}
rPois    +         Reflect  +   (helmet unavailable)
rElec    .         Harm     .   (no cloak)
rCorr    .         Rampage  .   M - +1 pair of gloves {Str+3}
Will     +++..                  H - +0 pair of boots
Stlth    ..........             z - amulet "Cicvacem" {Reflect rPois Int+3 SH+5 SInv}
HPRegen  0.30/turn              u - +6 ring of intelligence
MPRegen  0.18/turn              q - ring of magical power

@: studying Maces & Flails
A: permanent stasis, dig shafts and tunnels, antennae 3, four strong arms
a: Dig, Shaft Self, Renounce Religion, Potion Petition, Call Merchant, Bribe
Branch


You were on level 5 of the Lair of Beasts.
You worshipped Gozag.
Gozag was pleased with you.
You visited 4 branches of the dungeon, and saw 20 of its levels.
You also visited: Ossuary and Volcano.

You collected 5785 gold pieces.
You spent 1880 gold pieces at shops.
You paid 3077 gold pieces to Gozag.

Inventory:

Hand Weapons
 J - a +5 demon trident (weapon)
Missiles
 L - 4 curare-tipped darts (quivered)
Armour
 B - the +2 shield of Resistance (worn) {rF++ rC++ Will++}
   (You bought it in a shop on level 4 of the Lair of Beasts)

   It greatly protects you from fire.
   It greatly protects you from cold.
   It greatly increases your willpower.
 H - a +0 pair of boots (worn)
 M - a +1 pair of gloves of strength (worn)
 N - a +3 plate armour of fire resistance (worn)
Jewellery
 c - a ring of resist corrosion
 j - a ring of fire
 q - a ring of magical power (right hand)
 u - a +6 ring of intelligence (left hand)
 z - the amulet "Cicvacem" (around neck) {Reflect rPois Int+3 SH+5 SInv}
   (You found it on level 7 of the Dungeon)

   [amulet of reflection]

   It reflects blocked missile attacks.
   It affects your intelligence (+3).
   It protects you from poison.
   It lets you see invisible.
   It affects your SH (+5).
 G - a ring of see invisible
Wands
 k - a wand of mindburst (14)
 o - a wand of acid (15)
 r - a wand of digging (3)
 x - a wand of flame (26)
 y - a wand of iceblast (25)
 A - a wand of polymorph (22)
 C - a wand of paralysis (5)
Scrolls
 b - 4 scrolls of amnesia
 f - 4 scrolls of identify
 g - 3 scrolls of fear
 t - a scroll of magic mapping
 w - a scroll of fog
Potions
 a - a potion of mutation
 d - 2 potions of brilliance
 e - 6 potions of heal wounds
 h - 2 potions of ambrosia
 i - a potion of flight
 l - 7 potions of haste
 m - 4 potions of lignification
 n - 3 potions of resistance {unknown}
 p - 11 potions of curing
 s - a potion of degeneration {unknown}
 v - a potion of berserk rage {unknown}
 D - 2 potions of attraction {unknown}
 E - a potion of magic {unknown}
 F - 2 potions of might
 I - 3 potions of cancellation


   Skills:
 - Level 15.0 Fighting
 + Level 14.2 Polearms
 - Level 10.0 Throwing
 + Level 5.9 Armour
 + Level 7.8 Shields
 - Level 10.0 Evocations


You had 13 spell levels left.
You didn't know any spells.
Your spell library contained the following spells:

 Spells                   Type           Power      Damage    Failure   Level
 Animate Skeleton         Necr           0%         N/A       96%         1
 Apportation              Tloc           0%         N/A       96%         1
 Beastly Appendage        Tmut           0%         N/A       96%         1
 Corona                   Hex            0%         N/A       96%         1
 Summon Small Mammal      Summ           0%         N/A       96%         1
 Call Imp                 Summ           0%         N/A       99%         2
 Ensorcelled Hibernation  Hex/Ice        0%         N/A       99%         2
 Poisonous Vapours        Pois/Air       0%         N/A       99%         2
 Sublimation of Blood     Necr           0%         N/A       99%         2
 Wereblood                Tmut           0%         N/A       99%         2
 Call Canine Familiar     Summ           0%         N/A       100%        3
 Confusing Touch          Hex            0%         N/A       100%        3
 Conjure Flame            Conj/Fire      0%         6-21      100%        3
 Dazzling Flash           Conj/Hex       0%         N/A       100%        3
 Gell's Gravitas          Tloc           0%         N/A       100%        3
 Ignite Poison            Fire/Tmut/Pois 0%         N/A       100%        3
 Lesser Beckoning         Tloc           0%         N/A       100%        3
 Mephitic Cloud           Conj/Pois/Air  0%         N/A       100%        3
 Spider Form              Tmut/Pois      0%         N/A       100%        3
 Summon Guardian Golem    Hex/Summ       0%         N/A       100%        3
 Teleport Other           Tloc           0%         N/A       100%        3
 Tukima's Dance           Hex            0%         N/A       100%        3
 Ice Form                 Ice/Tmut       0%         N/A       100%        4
 Petrify                  Tmut/Erth      0%         N/A       100%        4
 Summon Ice Beast         Ice/Summ       0%         N/A       100%        4
 Summon Lightning Spire   Summ/Air       0%         N/A       100%        4
 Alistair's Intoxication  Tmut/Pois      0%         N/A       100%        5
 Bolt of Magma            Conj/Fire/Erth 0%         4d4       100%        5
 Fireball                 Conj/Fire      0%         3d3       100%        5
 Hydra Form               Tmut           0%         N/A       100%        5
 Irradiate                Conj/Tmut      0%         3d13      100%        5
 Iskenderun's Battlesphe  Conj           0%         2d6       100%        5
 Manifold Assault         Tloc           0%         N/A       100%        5
 Eringya's Noxious Bog    Tmut/Pois      0%         N/A       100%        6
 Freezing Cloud           Conj/Ice/Air   0%         6-21      100%        6
 Iron Shot                Conj/Erth      0%         9d1       100%        6
 Starburst                Conj/Fire      0%         8x6d3     100%        6
 Orb of Destruction       Conj           0%         N/A       100%        7
 Spellforged Servitor     Conj/Summ      0%         N/A       100%        7
 Ignition                 Fire           0%         3d3       100%        8
 Blink                    Tloc           Unusable   N/A       N/A         2

Dungeon Overview and Level Annotations

Branches:
Dungeon (12/15)            Temple (1/1) D:6            Lair (6/6) D:10
 Shoals (0/4) Lair:4        Snake (1/4) Lair:2          Orc (0/2) D:10
Ossuary (visited)         Volcano (visited)
  Slime: Lair:5-6

Altars:
Ashenzari
Cheibriados
Dithmenos
Elyvilon
Fedhas
Gozag
Hepliaklqana
Kikubaaqudgha
Makhleb
Nemelex Xobeh
Okawaru
Qazlal
Ru
Sif Muna
Trog
Uskayaw
Vehumet
Wu Jian
Xom
Yredelemnul
Zin
The Shining One

Shops:
D:4 [   D:10 [((   Lair:1 ?   Lair:4 [

Annotations:
D:5 1 runed translucent door, 27snakeeyes612's ghost, novice NaFi
Lair:2 exclusion: 4 oklob plants


Innate Abilities, Weirdness & Mutations

You cannot be hasted, slowed, berserked, paralysed or teleported.
You can dig through walls and to a lower floor.
You have a pair of large antennae on your head. (SInv)
Your four strong arms can wield two-handed weapons with a shield.


Message History

You block the seven-headed hydra's attack.
The seven-headed hydra bites you but does no damage.
You block the seven-headed hydra's attack. x5
You block the dream sheep's attack. The dream sheep barely misses you.
The dream sheep barely misses you.
The dream sheep shake their wool and sparkle.
You feel drowsy...
You fall asleep.
The seven-headed hydra bites you.
You wake up.
You block the seven-headed hydra's attack. x3
The seven-headed hydra bites you.
The seven-headed hydra bites you but does no damage.
The seven-headed hydra bites you! The dream sheep bites you!
The dream sheep are wreathed in dream dust.
You feel drowsy...
You fall asleep.
The seven-headed hydra bites you!
You wake up.
You block the seven-headed hydra's attack.
The seven-headed hydra bites you. The seven-headed hydra bites you!
You block the seven-headed hydra's attack.
The seven-headed hydra bites you!
* * * LOW HITPOINT WARNING * * *
The seven-headed hydra bites you but does no damage.
You impale the seven-headed hydra!!
The seven-headed hydra is moderately wounded.
You block the seven-headed hydra's attack. x2
The seven-headed hydra bites you but does no damage. x4
The seven-headed hydra bites you!
* * * LOW HITPOINT WARNING * * *
You impale the seven-headed hydra!!
The seven-headed hydra is severely wounded.
The seven-headed hydra bites you.
* * * LOW HITPOINT WARNING * * *
You block the seven-headed hydra's attack.
The seven-headed hydra bites you.
* * * LOW HITPOINT WARNING * * *
The seven-headed hydra bites you but does no damage.
You block the seven-headed hydra's attack.
The seven-headed hydra bites you!
You die...
Your body crumbles into a pile of gold.

.#......8...8......### ####....#.
....#.....>.....#....# ##.....
....#...8...8{.......#### ##....
.#...#......YYY##......P# ##...
..#..#.#....##Y#...#...## #....
..##....#.#.#..Y.##.....######...
...###.........#.#####....P#.....
.#...###......###D.##P...P###....
...#...##.+#.#..@.####.....##....
.###...##....#...## ###.####....
..##.#.......#....# ### #P...
##......8.>.8#...P# #....
###.P..#.....#....# ##...
.###....#.8......## ##..# .#
##.....#.......# #.#.# ##
#............## ###.# .##
##..........## #.##


You could see a seven-headed hydra.

Vanquished Creatures
  Kirke (Lair:5)
  5 hydras
  A boulder beetle (Lair:5)
  A catoblepas (Lair:4)
  6 two-headed ogres
  Urug (Lair:1)
  Sonja (D:10)
  Nergalle (Lair:1)
  A lindwurm (Lair:6)
  An ugly thing (D:12)
  3 salamanders (Volcano)
  3 cyclopes
  6 black mambas
  6 elephants
  12 cane toads
  A gargoyle (D:12)
  2 rime drakes
  Psyche (D:9)
  A kobold demonologist (D:11)
  5 komodo dragons
  2 unseen horrors
  A troll (D:10)
  A polar bear (Lair:2)
  5 dream sheep
  8 blink frogs
  4 slime creatures (D:10)
  Sigmund (D:4)
  2 vampires
  A water elemental (D:12)
  A wyvern (Lair:5)
  53 yaks
  A fire bat (Volcano)
  3 basilisks
  4 hogs (Lair:5)
  2 wraiths (D:12)
  2 steam dragons
  Menkaure (D:6)
  A naga (Lair:2)
  2 acid dragons (D:9)
  16 water moccasins
  Duvessa (D:4)
  2 hell hounds (Volcano)
  2 hornet zombies (Ossuary)
  5 orc warriors
  2 necrophages (D:5)
  2 ogres
  49 wolves
  6 centaurs
  A phantom (D:6)
  A kobold brigand (D:10)
  14 bullfrogs
  A scorpion (D:5)
  3 wyvern zombies
  Dowan (D:4)
  2 water moccasin zombies
  11 killer bees
  3 electric eels
  A howler monkey (D:4)
  9 centaur zombies
  4 orc priests
  7 bullfrog zombies
  5 hounds
  A centaur skeleton (D:7)
  5 iguanas
  8 orc wizards
  2 hell rats (Lair:3)
  4 killer bee zombies
  14 mummies (Ossuary)
  5 howler monkey zombies
  8 adders
  10 river rats (Lair:3)
  3 white imps
  2 ufetubi
  An adder skeleton (D:5)
  2 dart slugs
  21 orcs
  9 ball pythons
  2 endoplasms
  4 giant cockroaches
  5 goblins
  9 hobgoblins
  12 jackals
  6 quokkas
  5 bats
  3 frilled lizards
  10 kobolds
  7 rats
460 creatures vanquished.

Vanquished Creatures (others)
  3 humans (Lair:5)
  A centaur (Volcano)
  A kobold (D:10)
  37 fungi
  47 plants
  6 withered plants (Ossuary)
95 creatures vanquished.

Grand Total: 555 creatures vanquished

Notes
Turn   | Place    | Note
-------+----------+-------------------------------------------
     0 | D:1      | Delamore the Formicid Fighter began the quest for the Orb.
     0 | D:1      | Reached XP level 1. HP: 18/18 MP: 1/1
    70 | D:1      | Reached XP level 2. HP: 24/24 MP: 2/2
   362 | D:1      | Reached XP level 3. HP: 30/30 MP: 3/3
  1230 | D:2      | Reached XP level 4. HP: 36/37 MP: 4/4
  1251 | D:2      | Reached skill level 4 in Fighting
  2310 | D:3      | Found a glowing golden altar of the Shining One.
  2575 | D:3      | Reached XP level 5. HP: 42/42 MP: 5/5
  2972 | D:4      | Found Dainawno's Antique Armour Shop.
  3039 | D:4      | Noticed Duvessa
  3039 | D:4      | Noticed Dowan
  3060 | D:5      | Entered Level 5 of the Dungeon
  3169 | D:5      | Found a blossoming altar of Fedhas.
  3179 | D:5      | Noticed a necrophage
  3191 | D:5      | Killed a necrophage
  3192 | D:5      | Reached XP level 6. HP: 42/49 MP: 6/6
  3245 | D:5      | Reached skill level 5 in Fighting
  3245 | D:5      | Reached skill level 5 in Polearms
  3463 | D:5      | Noticed a necrophage
  3468 | D:5      | Noticed an ogre
  3478 | D:5      | Killed an ogre
  3479 | D:5      | Reached XP level 7. HP: 34/56 MP: 7/7
  3953 | D:5      | Noticed 27snakeeyes612's ghost (novice NaFi)
  3954 | D:5      | Found a runed translucent door.
  4631 | D:4      | Noticed Sigmund
  4647 | D:4      | Killed Sigmund
  4648 | D:4      | Reached XP level 8. HP: 43/62 MP: 8/8
  4719 | D:4      | Killed Duvessa
  4729 | D:4      | Killed Dowan
  5686 | D:6      | Found a staircase to the Ecumenical Temple.
  5942 | Temple   | Entered the Ecumenical Temple
  5986 | Temple   | Became a worshipper of Gozag Ym Sagoz the Greedy
  6166 | D:6      | Found a glowing silver altar of Zin.
  6335 | D:6      | Noticed Menkaure
  6349 | D:6      | Killed Menkaure
  6350 | D:6      | Reached skill level 10 in Polearms
  6350 | D:6      | Reached XP level 9. HP: 24/68 MP: 9/9
  6898 | D:6      | Found a basalt altar of Yredelemnul.
  8048 | D:7      | Noticed a two-headed ogre
  8068 | D:7      | Killed a two-headed ogre
  8069 | D:7      | Reached XP level 10. HP: 74/74 MP: 10/10
  8690 | D:7      | Identified the amulet "Cicvacem" {Reflect rPois Int+3 SH+5
                  | SInv}
  8766 | D:8      | Noticed a two-headed ogre
  9273 | D:8      | Found a sand-covered staircase.
  9281 | Ossuary  | Entered an ossuary
 10150 | D:8      | Killed a two-headed ogre
 10151 | D:8      | Reached skill level 5 in Shields
 10432 | D:8      | Reached XP level 11. HP: 64/79 MP: 11/11
 10930 | D:8      | Reached skill level 5 in Armour
 11259 | D:9      | Noticed a two-headed ogre
 11267 | D:9      | Killed a two-headed ogre
 11268 | D:9      | Reached skill level 1 in Throwing
 11561 | D:9      | Found a burning altar of Makhleb.
 11621 | D:9      | Found an iron altar of Okawaru.
 11890 | D:9      | Noticed a cyclops
 11891 | D:9      | Noticed a two-headed ogre
 11894 | D:9      | Noticed a two-headed ogre
 11901 | D:10     | Entered Level 10 of the Dungeon
 12075 | D:10     | Noticed a two-headed ogre
 12083 | D:10     | Killed a two-headed ogre
 12084 | D:10     | Reached skill level 6 in Fighting
 12337 | D:10     | Reached skill level 7 in Fighting
 12792 | D:10     | Found a staircase to the Lair.
 12867 | D:10     | Found a staircase to the Orcish Mines.
 12892 | D:10     | Found a radiant altar of Vehumet.
 12892 | D:10     | Found a sacrificial altar of Ru.
 12893 | D:10     | Found a bloodstained altar of Trog.
 12896 | D:10     | Found a shimmering blue altar of Sif Muna.
 12898 | D:10     | Found a hazy altar of Hepliaklqana.
 12936 | D:10     | Reached skill level 5 in Throwing
 13057 | D:10     | Reached skill level 8 in Fighting
 13140 | D:10     | Found Fueteh's Armour Boutique.
 13345 | D:10     | Killed a two-headed ogre
 13346 | D:10     | Reached XP level 12. HP: 16/94 MP: 12/12
 13808 | D:9      | Killed a two-headed ogre
 13877 | D:9      | Reached skill level 9 in Fighting
 13903 | D:9      | Found a sparkling altar of Nemelex Xobeh.
 14057 | D:9      | Noticed Psyche
 14065 | D:9      | Killed Psyche
 15314 | D:12     | Reached skill level 10 in Fighting
 15682 | D:12     | Noticed a death knight
 15896 | Lair:1   | Entered Level 1 of the Lair of Beasts
 15903 | Lair:1   | Noticed Urug
 15918 | Lair:1   | Killed Urug
 16021 | Lair:1   | Noticed Sonja
 16328 | D:10     | Killed Sonja
 16340 | D:10     | Reached skill level 11 in Fighting
 16356 | Lair:1   | Identified a scroll of acquirement
 16356 | Lair:1   | Acquired 1155 gold pieces
 16360 | Lair:1   | Bought a scroll of acquirement for 728 gold pieces
 16360 | Lair:1   | Acquired 559 gold pieces
 16362 | Lair:1   | Bought a scroll of magic mapping for 49 gold pieces
 16535 | Lair:1   | Noticed Nergalle
 16546 | Lair:1   | Killed Nergalle
 16547 | Lair:1   | Reached XP level 13. HP: 90/105 MP: 13/13
 16709 | Lair:1   | Reached skill level 1 in Evocations
 17496 | Lair:2   | Found a staircase to the Snake Pit.
 17531 | Lair:2   | Found a dark tunnel.
 17593 | Lair:2   | Reached skill level 10 in Throwing
 17653 | Volcano  | Entered a volcano
 17978 | Volcano  | Reached skill level 12 in Fighting
 18671 | Lair:2   | Noticed a six-headed hydra
 18682 | Lair:2   | Killed a six-headed hydra
 18683 | Lair:2   | Reached skill level 5 in Evocations
 20095 | Snake:1  | Entered Level 1 of the Snake Pit
 20144 | Lair:3   | Noticed a six-headed hydra
 20158 | Lair:3   | Killed a six-headed hydra
 20526 | Lair:3   | Noticed a five-headed hydra
 20535 | Lair:3   | Killed a five-headed hydra
 20536 | Lair:3   | Reached skill level 13 in Fighting
 21401 | Lair:4   | Reached XP level 14. HP: 118/118 MP: 14/14
 21789 | Lair:4   | Found a staircase to the Shoals.
 22901 | Lair:4   | Bought the +2 shield of Resistance {rF++ rC++ Will++} for
                  | 1103 gold pieces
 22901 | Lair:4   | Found the +2 shield of Resistance {rF++ rC++ Will++}
 23065 | Lair:5   | Noticed Kirke
 23075 | Lair:5   | Noticed a sphinx
 23084 | Lair:5   | Noticed a sphinx
 23107 | Lair:5   | Killed Kirke
 23108 | Lair:5   | Reached skill level 14 in Fighting
 23806 | Lair:5   | Reached skill level 10 in Evocations
 24505 | Lair:6   | Entered Level 6 of the Lair of Beasts
 24530 | Lair:6   | Reached skill level 15 in Fighting
 25537 | Lair:5   | Slain by a seven-headed hydra

Illustrated notes

Levels and vault maps discovered:
D:1:      nicolae_arrival_washed_ashore, layout_loops_corners,
          minmay_misc_feat_encased
D:2:      layout_basic, amcnicky_mini_pool_small
D:3:      layout_loops_ring, overflow_temple_1_default
D:4:      layout_gridville, serial_shops, nicolae_shop_waterfront, uniq_duvessa,
          uniq_sigmund
D:5:      layout_loops_cross, fedhas_bush_and_centaur_altar,
          gammafunk_ghost_grave
D:6:      layout_loops_ring, lemuel_round_altar, nicolae_overflow_crystal_walls,
          minmay_temple_entry_large_hall, uniq_menkaure
D:7:      layout_basic, minmay_manual_mail
D:8:      layout_cave_pods, enter_ossuary_1, kennysheep_opposing_triangles
D:9:      kennysheep_spiral_hall, layout_irregular_city, marbit_many_paths,
          nemelex_spade_bored_becter, lightli_temple_of_fire,
          nicolae_underground_beach, uniq_psyche
D:10:     layout_irregular_city, minitemple, erik_lair_island, orc_0_dummy,
          serial_shops, nicolae_shop_stone
D:11:     layout_irregular_city
D:12:     layout_long_grid, serial_shops, nicolae_shop_crystal,
          serial_bayou_ford_a, introduction_to_nature_2
Temple:   eino_temple_lava
Lair:1:   layout_long_grid, nicolae_quartered_pool_super, lemuel_fruit_tree,
          grunt_megastairs_5, uniq_nergalle, uniq_urug, uniq_sonja
Lair:2:   wander_river, layout_misc_corridors, dummy_snake_entry,
          nicolae_volcano_entry_two_sided, beast_lair_carwin_4,
          minmay_lair_oklob_chamber
Lair:3:   layout_regular_city, kennysheep_rathole
Lair:4:   layout_regular_city, elwin_shoals_entry_rocks, serial_bayou_shore_b
Lair:5:   layout_concentric_octagons, grunt_megastairs_2, uniq_kirke
Lair:6:   evilmike_catoblepas_cave, layout_regular_city,
          minmay_slime_entry_oklob_enclosed, grunt_forest_large_clearings
Snake:1:  layout_basic, basic_altar, drop_trap

Skill      XL: |  1  2  3  4  5  6  7  8  9 10 11 12 13 14 |
---------------+-------------------------------------------+-----
Polearms       | 3 4 6 8 10 12 14 | 14.2
Fighting       | 4 5 8 11 13 15 | 15.0
Armour         | 4 5 |  5.9
Shields        | 5 7 |  7.8
Throwing       | 6 9 10 | 10.0
Evocations     | 7 10 | 10.0

Action                   |  1- 3 |  4- 6 |  7- 9 | 10-12 | 13-15 || total
-------------------------+-------+-------+-------+-------+-------++-------
Melee: Trident           |   123 |   124 |   361 |   814 |       ||  1422
       Demon trident     |       |       |       |    64 |   778 ||   842
Throw: Dart              |       |       |     3 |    16 |    10 ||    29
       Javelin           |       |       |       |       |     6 ||     6
       Throwing net      |       |       |       |       |     1 ||     1
Invok: Call Merchant     |       |       |       |     3 |     1 ||     4
 Abil: Dig               |       |     1 |     2 |       |     3 ||     6
Evoke: Wand              |       |       |     5 |    19 |     2 ||    26
  Use: Scroll            |     2 |     1 |     9 |    14 |     4 ||    30
       Potion            |       |     1 |     1 |     1 |     1 ||     4
 Stab: Paralysed         |       |       |     7 |     5 |       ||    12
       Distracted        |       |       |       |     2 |     2 ||     4
Armor: Scale mail        |    37 |    48 |    66 |       |       ||   151
       Chain mail        |       |       |    52 |    11 |       ||    63
       Plate armour      |       |       |       |   201 |   237 ||   438
Dodge: Dodged            |    36 |    45 |    82 |    95 |   109 ||   367
Block: Kite shield       |    58 |    84 |   162 |   499 |   546 ||  1349
       Reflection        |       |       |       |    16 |     4 ||    20

Table legend: (Time is in decaauts)
 A = Elapsed time spent in this place.
 B = Non-inter-level travel time spent in this place.
 C = Inter-level travel time spent in this place.
 D = Time resting spent in this place.
 E = Time spent auto-exploring this place.
 F = Levels seen in this place.
 G = Mean time per level.
                   A        B        C        D        E       F      G
               +--------+--------+--------+--------+--------+-----+--------+
         Total |  25166 |  24370 |    796 |   5985 |  14491 |  22 | 1143.9 |
       Dungeon |  15341 |  14850 |    491 |   3509 |   9001 |  12 | 1278.4 |
        Temple |     51 |     51 |      0 |      0 |     31 |   1 |   51.0 |
          Lair |   8310 |   8006 |    304 |   1877 |   5060 |   6 | 1385.0 |
     Snake Pit |      1 |      1 |      0 |      0 |      0 |   1 |    1.0 |
       Ossuary |    682 |    682 |      0 |    112 |    339 |   1 |  682.0 |
       Volcano |    778 |    778 |      0 |    487 |     59 |   1 |  778.0 |
               +--------+--------+--------+--------+--------+-----+--------+

Top non-repeatable levels by time:
  Lair:5: 2016 daAuts
    D:10: 2016 daAuts
  Lair:4: 1840 daAuts
  Lair:2: 1810 daAuts
     D:6: 1653 daAuts
     D:9: 1568 daAuts
     D:7: 1542 daAuts
     D:8: 1472 daAuts
     D:5: 1444 daAuts
     D:4: 1344 daAuts
  Lair:1: 1248 daAuts
  Lair:3: 1225 daAuts
     D:2: 1167 daAuts
     D:1: 1032 daAuts
    D:11: 885 daAuts
